 Dungeon Crawl Stone Soup version 0.17-a0-1150-g17b0b87 (webtiles) character file.

35 Chiseanne the Skirmisher (level 3, -2/28 HPs)
             Began as a Demonspawn Wanderer on May 27, 2015.
             Slain by a gnoll
             ... wielding a +0 spear
              (7 damage)
             ... on level 1 of the Dungeon.
             The game lasted 00:03:12 (1960 turns).

Chiseanne the Skirmisher (Demonspawn Wanderer)      Turns: 1960, Time: 00:03:12

Health: -2/28      AC:  2    Str: 13    XL:     3   Next: 17%
Magic:  0/12       EV:  7    Int: 13    God:
Gold:   34         SH: 11    Dex: 12    Spells: 0 memorised, 2 levels left

rFire  . . .     SeeInvis .     a - +2 short sword
rCold  . . .     Clarity  .     d - +0 robe
rNeg   . . .     SustAt   .     p - +0 large shield
rPois  .         Gourm    .     (no helmet)
rElec  .         Spirit   +     (no cloak)
rCorr  .         Warding  .     (no gloves)
rMut   .         Stasis   .     (no boots)
MR     .....                    (no amulet)
Stlth  +.........               (no ring)
                                q - ring of magical power

@: not resistant to hostile enchantments, very unstealthy
A: hooves 1, magic shield
a: no special abilities


You were on level 1 of the Dungeon.
You were very hungry.

You visited 1 branch of the dungeon, and saw 2 of its levels.

You collected 34 gold pieces.

Inventory:

Hand weapons
 a - a +2 short sword (weapon)
Missiles
 f - 13 arrows
 k - 11 poisoned needles
 o - 17 sling bullets
Armour
 d - a +0 robe (worn)
 p - a +0 large shield (worn)
Jewellery
 q - a ring of magical power (left hand)
Scrolls
 g - a scroll of teleportation
 i - a scroll of immolation
Potions
 b - a potion of curing
 l - a potion of agility
 m - a potion of brilliance
Comestibles
 e - a bread ration
 n - a meat ration


   Skills:
 * Level 2.9 Fighting
 - Level 2.6 Short Blades
   Level 2.6 Maces & Flails
 - Level 1.0 Throwing
 - Level 1.1 Dodging
 * Level 1.5 Shields


You had 2 spell levels left.
You didn't know any spells.

Dungeon Overview and Level Annotations

Branches:
Dungeon (2/15)

Altars:


Innate Abilities, Weirdness & Mutations

You have large cloven feet.
When hurt, damage is shared between your health and your magic reserves.


Message History

There is a stone staircase leading up here.
You block the gnoll's attack.
The gnoll hits you with an enchanted spear.
The gnoll hits you with a spear!
You climb upwards.
There is a stone staircase leading down here.
You hit the gnoll. You kick the gnoll, but do no damage.
The gnoll is moderately wounded.
The gnoll hits you with a spear. The gnoll hits you but does no damage.
The gnoll hits you with a spear.
You hit the gnoll.
The gnoll is severely wounded.
You block the gnoll's attack. The gnoll barely misses you.
The gnoll hits you but does no damage. You block the gnoll's attack.
You barely miss the gnoll. You kick the gnoll, but do no damage.
The gnoll is severely wounded.
The gnoll hits you with an enchanted spear!
* * * LOW HITPOINT WARNING * * *
The gnoll hits you with a spear!
You die...

.########## ##.#.#######.########
..........## #.#.######..........
######.....# #.)......'..........
######.....# #...######..........
.....#.....###............#######
####.#...........#####....'......
..........####...# #....#.#####
###.##.#####.....### #....#.#....
#.##.# #.###@g.###....#.##.##
#.##.# #.#.gg....'....#.##.##
#.##.# #.#.#######....#.##.#
#.##.#####.#.#............##.#
#.#........#.##.#.#.#.######.#
#.##########.##.#.#.#.....##.#
#............##.#.#.#####.##.#
#..############.#.#.....#....#
#..# #.#.#####.######


You could see 3 gnolls.

Vanquished Creatures
  A gnoll (D:2)
  4 bats
  3 hobgoblins (D:1)
  4 jackals (D:1)
  A giant gecko (D:1)
  A giant newt (D:1)
  4 goblins (D:1)
  4 kobolds
  A rat (D:1)
23 creatures vanquished.

Notes
Turn   | Place    | Note
--------------------------------------------------------------
     0 | D:1      | Chiseanne the Demonspawn Wanderer began the quest for the Orb.
     0 | D:1      | Chiseanne set off with: a +2 short sword, a potion of curing, a potion of lignification, a +0 robe, a bread ration
     0 | D:1      | Reached XP level 1. HP: 16/16 MP: 1/1
   551 | D:1      | Gained mutation: When hurt, damage is shared between your health and your magic reserves. [demonic ancestry]
   551 | D:1      | Reached XP level 2. HP: 23/23 MP: 2/2
   693 | D:1      | Reached skill level 1 in Dodging
  1592 | D:2      | HP: 1/23 [gnoll/whip (1)]
  1596 | D:2      | Gained mutation: You have large cloven feet. [demonic ancestry]
  1596 | D:2      | Reached XP level 3. HP: 13/28 MP: 2/3
  1960 | D:1      | Slain by a gnoll

Vault maps used:
D:1:      kilobyte_arrival_exit_the_forest

Action                   || total
-------------------------++-------
Melee: Short sword       ||    75
  Use: Scroll            ||     6
       Potion            ||     2
  Eat: Chunk             ||     2
